 Dungeon Crawl Stone Soup version 0.29.1-15-g9cfb28693d (webtiles) character file.

Game seed: 1407384465651089144

4 jtron the Gusty (level 1, 0/13 HPs)
             Began as a Gnoll Wanderer on Mar 20, 2023.
             Slain by a quokka (2 damage)
             ... on level 1 of the Dungeon.
             The game lasted 00:01:01 (76 turns).

jtron the Gusty (Gnoll Wanderer)                      Turns: 76, Time: 00:01:01

Health: 0/13       AC:  2    Str:  9    XL:     1   Next: 60%
Magic:  3/6        EV: 11    Int: 10    God:
Gold:   0          SH:  0    Dex: 14    Spells: 7/9 levels left

rFire   . . .      SeeInvis .   a - +0 dagger
rCold   . . .      Faith    .   (no shield)
rNeg    . . .      Spirit   .   c - +0 robe
rPois   .          Reflect  .   (no helmet)
rElec   .          Harm     .   (no cloak)
rCorr   .          Rampage  .   (no gloves)
Will    .....                   (no boots)
Stlth   ++........              (no amulet)
HPRegen 0.04/turn               (no ring)
MPRegen 0.10/turn               (no ring)

@: no status effects
A: fangs 1, strong nose, distributed training
a: no special abilities


You were on level 1 of the Dungeon.
You visited 1 branch of the dungeon, and saw 1 of its levels.

Inventory:

Hand Weapons
 a - a +0 dagger (weapon)
Armour
 c - a +0 robe (worn)
Scrolls
 b - a scroll of silence
 e - a scroll of identify
 f - a scroll of vulnerability
Miscellaneous
 d - a piece from Xom's chessboard (15/15) (quivered)


   Skills:
 + Level 0.1 Fighting
 + Level 0.1 Short Blades
 + Level 0.1 Long Blades
 + Level 0.1 Axes
 + Level 0.1 Maces & Flails
 + Level 0.1 Polearms
 + Level 0.1 Staves
 + Level 0.1 Ranged Weapons
 + Level 0.1 Throwing
 + Level 0.1 Armour
 + Level 0.1 Dodging
 + Level 2.2 Stealth
 + Level 0.1 Shields
 + Level 0.1 Unarmed Combat
 + Level 4.9 Spellcasting
 + Level 0.1 Conjurations
 + Level 5.3 Hexes
 + Level 0.1 Summonings
 + Level 0.1 Necromancy
 + Level 0.1 Translocations
 + Level 0.1 Transmutations
 + Level 0.1 Fire Magic
 + Level 0.1 Ice Magic
 + Level 5.3 Air Magic
 + Level 0.1 Earth Magic
 + Level 0.1 Poison Magic
 + Level 0.2 Invocations
 + Level 2.4 Evocations


You had 7 spell levels left.
You knew the following spells:

 Your Spells              Type           Power      Damage    Failure   Level
a - Slow                  Hex            52%        N/A       2%          1
b - Shock                 Conj/Air       28%        1d4       8%          1

Your spell library contained the following spells:

 Spells                   Type           Power      Damage    Failure   Level
 Poisonous Vapours        Pois/Air       14%        N/A       12%         2
 Static Discharge         Conj/Air       7%         3-4/arc   12%         2
 Portal Projectile        Hex/Tloc       14%        N/A       22%         3


Dungeon Overview and Level Annotations

Branches:
Dungeon (1/15)

Altars:


Innate Abilities, Weirdness & Mutations

You have very sharp teeth.
Your uncanny sense of smell can sniff out nearby items.
Your experience applies equally to all skills.


Message History

The ball python constricts you.
You closely miss the ball python. The ball python bites you.
The ball python constricts you.
You hit the ball python.
You kill the ball python!
e - 2 scrolls labelled PONKEL WI SAEGU (gained 1)
As you read the scroll labelled PONKEL WI SAEGU, it crumbles to dust.
It is a scroll of identify.
f - a scroll of vulnerability A quokka comes into view.
Found a leather armour.
The quokka twitches its whiskers.
Casting: Slow (safe; 2% risk of failure)
Confirm with . or Enter, or press ? or * to list all spells.
Aiming: Slow (safe; 2% risk of failure)
Press: ? - help, Shift-Dir - straight line, f - quokka
Aim: a quokka (chance to affect: 69%)
You miscast Slow.
You are very lightly contaminated with residual magic.
Nothing appears to happen.
The quokka twitches its whiskers.
Casting: Slow (safe; 2% risk of failure)
Confirm with . or Enter, or press ? or * to list all spells.
Aiming: Slow (safe; 2% risk of failure)
Press: ? - help, Shift-Dir - straight line, f/p - quokka
Aim: a quokka (chance to affect: 69%)
The quokka seems to slow down.
You closely miss the quokka. The quokka bites you.
You barely miss the quokka. The quokka closely misses you.
You closely miss the quokka. The quokka closely misses you.
You closely miss the quokka. You hit the quokka.
The quokka is heavily wounded.
The quokka bites you.
* * * LOW HITPOINT WARNING * * *
Your magical contamination has completely faded away.
You closely miss the quokka.
The quokka is heavily wounded.
The quokka bites you.
You die...

.......∆ .# #...$##
.###.. #.##..##.....#
#.##.....# ##........#
# ###.........# .#
..###.....###..###[.##
#.......†.# #.##......
...#...†### #.@r#
.........########
##....#.........# ∆ ∆
......#.#####..##∆
........##......# ∆
###.....).......# ∆
.........)######
##........######∆ ∆
.......>.......# ∆


You could see a quokka (slow).

Vanquished Creatures
  A goblin (D:1)
  A ball python (D:1)
  A bat (D:1)
  A frilled lizard (D:1)
  A kobold (D:1)
5 creatures vanquished.

Notes
Turn   | Place    | Note
-------+----------+-------------------------------------------
     0 | D:1      | jtron the Gnoll Wanderer began the quest for the Orb.
     0 | D:1      | jtron set off with the following items: a +0 dagger, a
                  | scroll of silence, a +0 robe, a piece from Xom's chessboard
                  | (15/15); and the following spells available to memorise:
                  | Slow, Shock, Poisonous Vapours, Static Discharge, Portal
                  | Projectile.
     0 | D:1      | Reached XP level 1. HP: 13/13 MP: 6/6
     2 | D:1      | Learned a level 1 spell: Slow
     4 | D:1      | Learned a level 1 spell: Shock
    76 | D:1      | Slain by a quokka

Illustrated notes

Levels and vault maps discovered:
D:1:      evilmike_arrival_plus, layout_rooms,
          shapermc_ecumenical_altar_pompeii,
          nicolae_concentric_dashed_squares_wild, nrook_mini_vaults,
          minmay_pentomino_u2

Action                   || total
-------------------------++-------
Melee: Dagger            ||    19
 Cast: Slow              ||     6
       Shock             ||     1
  Use: Scroll            ||     1
Armor: Robe              ||     4
Dodge: Dodged            ||    12
